[Event "Early-Titled-Tuesday-Blitz-October-03-2023"]
[Site "Chess.com"]
[Date "2023.10.03"]
[Round "2"]
[White "OriTaichman"]
[Black "ViIIagra"]
[Result "1-0"]
[WhiteElo "2635"]
[BlackElo "2940"]
[TimeControl "180+1"]
[EndTime "8:14:23 PDT"]
[Termination "OriTaichman won by resignation"]

1. e4 g6 2. d4 d6 3. Nc3 a6 4. h4 Nf6 5. Bg5 h6 6. Bxf6 exf6 7. h5 g5 8. Bd3 Bg7 9. g4 f5 10. exf5 O-O 11. Nge2 Nc6 12. Be4 Re8 13. O-O Bd7 14. a3 b5 15. Re1 Rb8 16. Bxc6 Bxc6 17. d5 Ba8 18. Qd2 b4 19. axb4 Rxb4 20. f3 Rxb2 21.
Nd4 Rxe1+ 22. Rxe1 Rb8 23. Nc6 Bxc6 24. dxc6 a5 25.
Nd5 Ra8 26. f6 Bxf6 27. Re8+ 1-0

[Event "Early-Titled-Tuesday-Blitz-October-03-2023"]
[Site "Chess.com"]
[Date "2023.10.03"]
[Round "2"]
[White "Gentlejimmy7"]
[Black "chessprincesa1"]
[Result "1-0"]
[WhiteElo "2510"]
[BlackElo "2300"]
[TimeControl "180+1"]
[EndTime "8:14:31 PDT"]
[Termination "Gentlejimmy7 won by resignation"]

1. c4 e6 2. Nc3 Nf6 3. g3 d5 4.
Bg2 d4 5. Ne4 c5 6. Nxf6+ Qxf6 7. Nf3 Nc6 8. d3 h6 9. O-O Bd6 10. e3 O-O 11. exd4 cxd4 12. a3 e5 13. b4 Bg4 14. h3 Bh5 15. b5 Nd8 16. Qe2 Re8 17. Re1 Ne6 18. g4 Bg6 19. Nd2 Nc5 20. Ne4 Nxe4 21. Bxe4 Bxe4 22. Qxe4 b6 23. Bd2 Rac8 24.
a4 Qh4 25. Kg2 Rf8 26. a5 g6 27. axb6 axb6 28. Ra7 Kg7 29. Qd5 Bb8 30. Rd7 h5 31. Re4 Rcd8 32. g5 Rxd7 33. Qxd7 1-0

[Event "Early-Titled-Tuesday-Blitz-October-03-2023"]
[Site "Chess.com"]
[Date "2023.10.03"]
[Round "2"]
[White "elcala"]
[Black "BashirovKemal"]
[Result "0-1"]
[WhiteElo "1728"]
[BlackElo "2654"]
[TimeControl "180+1"]
[EndTime "8:14:33 PDT"]
[Termination "BashirovKemal won by resignation"]

1. d4 Nf6 2. Nf3 d5 3. Bf4 c5 4. c3 Nc6 5. e3 Bf5 6. Nbd2 cxd4 7. cxd4 e6 8. a3 Bd6 9. Ne5 O-O 10. Ndf3 Qa5+ 11.
b4 Nxb4 12. axb4 Bxb4+ 13. Nd2 Bxd2+ 14. Qxd2 Qxa1+ 15. Qd1 Qxd1+ 16. Kxd1 Ne4 17. Bg3 a5 18. Bd3 a4 19. Bxe4 Bxe4 20. Kd2 Rfc8 21. Ra1 a3 22.
Nd3 Bxd3 23. Kxd3 Rc6 24. f4 a2 25. Be1 b5 26. Bb4 Rc4 27. Bc3 b4 28. Bb2 b3 29.
e4 Rc2 30. Bc3 0-1

[Event "Early-Titled-Tuesday-Blitz-October-03-2023"]
[Site "Chess.com"]
[Date "2023.10.03"]
[Round "2"]
[White "Mesa_1"]
[Black "MITerryble"]
[Result "1-0"]
[WhiteElo "2639"]
[BlackElo "2964"]
[TimeControl "180+1"]
[EndTime "8:14:35 PDT"]
[Termination "Mesa_1 won by resignation"]

1. e4 e6 2. d4 d5 3. exd5 exd5 4. Nf3 Nc6 5. Bd3 Bd6 6. c3 Nge7 7. O-O Bg4 8. b4 Qd7 9. b5 Nd8 10. Re1 O-O 11.
Ba3 f6 12. Bxd6 cxd6 13. Nbd2 Rc8 14. c4 dxc4 15. Nxc4 Ne6 16. Ne3 Bh5 17. a4 d5 18.
Nf5 Rfe8 19. Nxe7+ Rxe7 20. Bf5 Rce8 21. h3 Qd6 22.
Bg4 Bxg4 23. hxg4 Qf4 24. Qb3 Qxg4 25. Qxd5 Qxg2+ 26. Kxg2 1-0

[Event "Early-Titled-Tuesday-Blitz-October-03-2023"]
[Site "Chess.com"]
[Date "2023.10.03"]
[Round "2"]
[White "temus_galaktionov"]
[Black "NovoselovRoman"]
[Result "1-0"]
[WhiteElo "2856"]
[BlackElo "2592"]
[TimeControl "180+1"]
[EndTime "8:14:38 PDT"]
[Termination "temus_galaktionov won by resignation"]

1. d4 d5 2. Nf3 Nf6 3. c4 e6 4. Nc3 Be7 5. Bf4 a6 6. c5 Nc6 7. a3 Ne4 8. Qc2 f5 9. h4 O-O 10. e3 Bd7 11. Be2 Bf6 12. Nxe4 fxe4 13. Ne5 Bxe5 14.
dxe5 d4 15. Qxe4 dxe3 16. Bxe3 Ne7 17. Rd1 Nd5 18. Bg5 Qe8 19. Bd3 g6 20. h5 Rf5 21. f4 Qf8 22. hxg6 Bc6 23. gxh7+ Kh8 24. Qd4 Nxf4 25. Bxf5 Nxg2+ 26. Kd2 1-0

[Event "Early-Titled-Tuesday-Blitz-October-03-2023"]
[Site "Chess.com"]
[Date "2023.10.03"]
[Round "2"]
[White "Nbk90"]
[Black "viktorskliarov"]
[Result "0-1"]
[WhiteElo "2117"]
[BlackElo "2659"]
[TimeControl "180+1"]
[EndTime "8:14:46 PDT"]
[Termination "viktorskliarov won by resignation"]

1. e4 c5 2. Nf3 Nc6 3. d4 cxd4 4. Nxd4 Nf6 5. Nc3 e5 6. Ndb5 d6 7. Nd5 Nxd5 8. exd5 Nb8 9. a4 a6 10. Na3 Be7 11. b4 O-O 12. Be2 f5 13. O-O Nd7 14. a5 e4 15. c4 Bf6 16. Rb1 Ne5 17. Be3 g5 18. Bd4 f4 19. f3 exf3 20. Bxf3 Nxf3+ 21. Rxf3 Bg4 22. Bxf6 Qxf6 23. c5 Bxf3 24. gxf3 dxc5 25. bxc5 Qc3 26. Qc1 Qxf3 0-1

[Event "Early-Titled-Tuesday-Blitz-October-03-2023"]
[Site "Chess.com"]
[Date "2023.10.03"]
[Round "2"]
[White "bocah_sakit"]
[Black "MdChess1734"]
[Result "1-0"]
[WhiteElo "2712"]
[BlackElo "2386"]
[TimeControl "180+1"]
[EndTime "8:14:56 PDT"]
[Termination "bocah_sakit won on time"]

1. g3 Nf6 2. d4 e6 3. Bg2 c5 4. c3 Nc6 5. Nf3 b6 6. O-O Bb7 7. Re1 Be7 8. e4 cxd4 9. cxd4 d5 10. e5 Ne4 11. Nbd2 Nxd2 12. Bxd2 O-O 13. h4 Rc8 14. a3 Na5 15. Ng5 Nc4 16. Bc1 h6 17. Nh3 Qd7 18. Qh5 f5 19. Bxh6 gxh6 20. Qg6+ Kh8 21.
Qxh6+ Kg8 22. Qg6+ Kh8 23. Nf4 Qe8 24. Qh6+ Kg8 25. Ng6 1-0

[Event "Early-Titled-Tuesday-Blitz-October-03-2023"]
[Site "Chess.com"]
[Date "2023.10.03"]
[Round "2"]
[White "Elprofessor21"]
[Black "Jospem"]
[Result "0-1"]
[WhiteElo "2640"]
[BlackElo "3063"]
[TimeControl "180+1"]
[EndTime "8:14:57 PDT"]
[Termination "Jospem won by resignation"]

1. c4 c5 2. Nc3 Nc6 3. g3 g6 4.
Bg2 Bg7 5. Nf3 d6 6. O-O e6 7. a3 Nge7 8. Rb1 O-O 9. b4 Rb8 10. bxc5 dxc5 11. Bb2 b6 12. d3 Bb7 13. Qd2 Qd7 14.
Ne4 e5 15. h4 f5 16. Nc3 Rbd8 17. Nd5 Nxd5 18. cxd5 Nd4 19. e4 Nxf3+ 20. Bxf3 fxe4 21. Bxe4 Bxd5 22. Qe2 Bxe4 23. dxe4 Qd3 24. Qg4 Qd7 25.
Qe2 Qd3 26. Qg4 Qf3 27. Qe6+ Qf7 28. Qc6 Rd2 29. f4 Qb3 0-1

[Event "Early-Titled-Tuesday-Blitz-October-03-2023"]
[Site "Chess.com"]
[Date "2023.10.03"]
[Round "2"]
[White "Casper"]
[Black "IsaqueGoncalvesSanto"]
[Result "1-0"]
[WhiteElo "2400"]
[BlackElo "1878"]
[TimeControl "180+1"]
[EndTime "8:15:08 PDT"]
[Termination "Casper won on time"]

1. h3 e6 2. e4 d5 3. exd5 exd5 4. Nf3 Nf6 5. d4 Bd6 6. Bd3 O-O 7. O-O h6 8. Re1 Be6 9. Ne5 Nc6 10. Bf4 Nb4 11.
Bf1 Bf5 12. Na3 c5 13. c3 Nc6 14. Nb5 Bxe5 15. dxe5 Ne4 16. f3 Ng5 17. Nd6 Bc8 18. Qxd5 Ne6 19. Be3 Ne7 20. Qe4 Qc7 21. Bd3 1-0

[Event "Early-Titled-Tuesday-Blitz-October-03-2023"]
[Site "Chess.com"]
[Date "2023.10.03"]
[Round "2"]
[White "HajiyevKanan"]
[Black "kidagent"]
[Result "1-0"]
[WhiteElo "2504"]
[BlackElo "2263"]
[TimeControl "180+1"]
[EndTime "8:15:17 PDT"]
[Termination "HajiyevKanan won by resignation"]

1. d4 d5 2. Nf3 Nf6 3. c4 c6 4. cxd5 cxd5 5. Nc3 Nc6 6. Bg5 Ne4 7. Bf4 a6 8. e3 e6 9. Qb3 Bd6 10. Bxd6 Qxd6 11. Nxe4 dxe4 12. Nd2 f5 13. Nc4 Qc7 14. Qa3 Kf7 15. Qd6 Qxd6 16. Nxd6+ Kf6 17. Rc1 Rb8 18. Be2 Bd7 19. Nc4 b5 20. Nd2 Rhc8 21. O-O Nb4 22. a3 Nd3 23. Bxd3 exd3 24. Nb3 b4 25. Nc5 Bb5 26. a4 d2 27. axb5 dxc1=Q 28. Rxc1 axb5 29.
f4 Ke7 30. Kf2 Ra8 31. b3 Ra2+ 32. Kf3 Rca8 33. Nd3 Rd2 34. Ne5 Ra3 35. Rc7+ Kf8 36. Rf7+ Ke8 37. Rxg7 Rxb3 38. Rxh7 Rxd4 39. Rh8+ Ke7 40.
Nc6+ 1-0

[Event "Early-Titled-Tuesday-Blitz-October-03-2023"]
[Site "Chess.com"]
[Date "2023.10.03"]
[Round "2"]
[White "biostatistician"]
[Black "Krakozia"]
[Result "0-1"]
[WhiteElo "2630"]
[BlackElo "3027"]
[TimeControl "180+1"]
[EndTime "8:15:19 PDT"]
[Termination "Krakozia won by checkmate"]

1. d4 Nf6 2. Nf3 e6 3. c4 Bb4+ 4. Nbd2 O-O 5. a3 Bxd2+ 6. Bxd2 Ne4 7. Bf4 d6 8. e3 Nd7 9. Bd3 f5 10. O-O Ndf6 11. Ne1 g5 12. Bg3 Qe7 13. b4 Bd7 14.
a4 a5 15. b5 b6 16. f3 Nxg3 17. hxg3 e5 18. Nc2 Rae8 19. Qd2 Nh5 20. Kh2 f4 21. g4 Ng3 22. Rfe1 Qf6 23. Kg1 Qh6 24. e4 Qh1+ 25.
Kf2 Qh4 26. Kg1 Rf6 27. c5 Rh6 28. c6 Bxg4 29. fxg4 Qxg4 30. Be2 Rh1+ 31. Kf2 Nxe4# 0-1

[Event "Early-Titled-Tuesday-Blitz-October-03-2023"]
[Site "Chess.com"]
[Date "2023.10.03"]
[Round "2"]
[White "AsselLesbekova"]
[Black "Bilan_Danila"]
[Result "0-1"]
[WhiteElo "2271"]
[BlackElo "2505"]
[TimeControl "180+1"]
[EndTime "8:15:20 PDT"]
[Termination "Bilan_Danila won by resignation"]

1. e4 c5 2. Nf3 a6 3. c3 d5 4. exd5 Qxd5 5. d4 Nf6 6. Be2 Nc6 7. c4 Qd8 8. d5 Nb8 9. Bf4 g6 10. Nc3 Bg7 11. d6 O-O 12. dxe7 Qxe7 13. Bd6 Qe8 14. Bxf8 Qxf8 15. O-O Nc6 16. Nd5 Bg4 17. h3 Bxf3 18.
Bxf3 Nd4 19. Nxf6+ Bxf6 20. Bxb7 Rb8 21. Bd5 Rxb2 22.
Rb1 Ne2+ 23. Kh1 Nc3 24. Qd3 Nxb1 25. Rxb1 Rxf2 26. Qg3 Bd4 27. Rb8 Rf1+ 28. Kh2 Bg1+ 29. Kh1 Bf2+ 0-1

[Event "Early-Titled-Tuesday-Blitz-October-03-2023"]
[Site "Chess.com"]
[Date "2023.10.03"]
[Round "2"]
[White "JiiHart"]
[Black "Balla_Tamas"]
[Result "1-0"]
[WhiteElo "2191"]
[BlackElo "2438"]
[TimeControl "180+1"]
[EndTime "8:15:21 PDT"]
[Termination "JiiHart won by resignation"]

1. e4 c5 2. c3 Nf6 3. e5 Nd5 4. d4 cxd4 5. Nf3 Nc6 6. cxd4 d6 7. Nc3 Nxc3 8. bxc3 dxe5 9. d5 e4 10. dxc6 Qxd1+ 11. Kxd1 exf3 12. Bb5 Kd8 13. Bf4 Bg4 14. cxb7 fxg2+ 15. Kc2 gxh1=Q 16. Rxh1 Bf3 17. bxa8=Q+ Bxa8 18. Rd1+ Kc8 19. Bd7+ Kb7 20. Rb1+ Ka6 21. Bc8+ Ka5 22. Bc7+ Ka4 23.
Bd7+ Ka3 24. Rb3+ Kxa2 25. Rb4 Be4+ 26. Rxe4 e6 27. Ra4+ 1-0

[Event "Early-Titled-Tuesday-Blitz-October-03-2023"]
[Site "Chess.com"]
[Date "2023.10.03"]
[Round "2"]
[White "sergoy"]
[Black "meoluoi91"]
[Result "1-0"]
[WhiteElo "3027"]
[BlackElo "2632"]
[TimeControl "180+1"]
[EndTime "8:15:22 PDT"]
[Termination "sergoy won by resignation"]

1. d4 d5 2. c4 c6 3. Nf3 Nf6 4. Nc3 g6 5. Bf4 Bg7 6. e3 O-O 7. Be2 Be6 8. cxd5 Nxd5 9. Bg3 Nb6 10. O-O N8d7 11. Ng5 Bc4 12. Bxc4 Nxc4 13. Qe2 Ncb6 14. Nf3 e6 15. Rfd1 Qe7 16. Ne5 Rad8 17. Ne4 f5 18.
Nxd7 Rxd7 19. Nc5 Rdd8 20. Rac1 Kh8 21. a4 Nc8 22. a5 a6 23. h3 Na7 24. Qc4 Nb5 25. Nxe6 Nd6 26. Bxd6 Qxd6 27. Nxf8 Bxf8 28. d5 cxd5 29. Qc7 Rd7 30. Qxd6 Bxd6 31. Kf1 Bb4 32.
Ke2 Bxa5 33. Rc5 Bb4 34. Rcxd5 Rf7 35. Rd7 1-0

[Event "Early-Titled-Tuesday-Blitz-October-03-2023"]
[Site "Chess.com"]
[Date "2023.10.03"]
[Round "2"]
[White "Zohid6"]
[Black "Real_taiatai"]
[Result "0-1"]
[WhiteElo "2790"]
[BlackElo "2565"]
[TimeControl "180+1"]
[EndTime "8:15:23 PDT"]
[Termination "Real_taiatai won by resignation"]

1. d4 Nf6 2. Nc3 d5 3. Bf4 c5 4. e4 cxd4 5. Qxd4 Nc6 6. Bb5 Bd7 7. Bxc6 Bxc6 8. e5 Nd7 9. e6 fxe6 10. Nf3 Qb6 11.
Qd2 d4 12. Qxd4 Bxf3 13. Qxb6 axb6 14. gxf3 g6 15. O-O-O Bg7 16. Nb5 Rxa2 17. c3 O-O 18. Kb1 Ra5 19. Rxd7 Rxb5 20. Bd2 Rxf3 21. Rxe7 Rxf2 22.
Rd1 Rd5 23. Rxb7 Rdxd2 24. Rxd2 Rxd2 25. Rxb6 e5 26. Rb7 Rxh2 27. c4 e4 28. c5 Rxb2+ 29.
Rxb2 Bxb2 30. c6 Be5 0-1

[Event "Early-Titled-Tuesday-Blitz-October-03-2023"]
[Site "Chess.com"]
[Date "2023.10.03"]
[Round "2"]
[White "JoakimVonAnd"]
[Black "DefiantChair"]
[Result "1-0"]
[WhiteElo "2751"]
[BlackElo "2521"]
[TimeControl "180+1"]
[EndTime "8:15:27 PDT"]
[Termination "JoakimVonAnd won by checkmate"]

1. Nf3 d5 2. g3 Nf6 3. Bg2 e6 4. O-O c5 5. c4 dxc4 6. Ne5 Bd6 7. Nxc4 Bc7 8. Nc3 O-O 9. d3 Nbd7 10. Nb5 Bb8 11.
Nbd6 Nd5 12. b3 N7b6 13. Nxc8 Qxc8 14. Bb2 Qd7 15. Rc1 Rc8 16. d4 Qe8 17. dxc5 Rxc5 18. Qd4 Be5 19. Nxe5 Rxc1 20. Rxc1 f6 21. Nc4 Rd8 22.
Nxb6 axb6 23. Qc4 Rd7 24. h4 Qe7 25. Bxd5 exd5 26. Qd3 Qb4 27. a3 Qd6 28. Rc8+ Kf7 29. Qxh7 d4 30. Qg8+ Kg6 31. Qe8+ Kh7 32. Qh5# 1-0

[Event "Early-Titled-Tuesday-Blitz-October-03-2023"]
[Site "Chess.com"]
[Date "2023.10.03"]
[Round "2"]
[White "vasblesk"]
[Black "B_nn_t"]
[Result "1-0"]
[WhiteElo "2730"]
[BlackElo "2412"]
[TimeControl "180+1"]
[EndTime "8:15:27 PDT"]
[Termination "vasblesk won by resignation"]

1. Nf3 g6 2. d4 Bg7 3. c4 Nf6 4. Nc3 d5 5. cxd5 Nxd5 6. e4 Nxc3 7. bxc3 c5 8. Be2 O-O 9. O-O Nc6 10. d5 Ne5 11.
Nd2 f5 12. Bb2 f4 13. Qc2 a6 14. a4 e6 15. c4 exd5 16. cxd5 f3 17. Bxf3 Nxf3+ 18.
Nxf3 Bxb2 19. Qxb2 Rxf3 20. gxf3 Bh3 21. Kh1 Qf8 22.
Qc3 Bxf1 23. Rxf1 b5 24. e5 c4 25. d6 Qf5 26. Rd1 Rd8 27. Kg2 Qg5+ 28. Kf1 Qf5 29. axb5 axb5 30. Qa5 Rd7 31. Qxb5 c3 32. Qc4+ Kg7 33.
Qxc3 Qe6 34. Ke2 h5 35. Qd4 Kh7 36. Qd5 Qf5 37. e6 Ra7 38. Qxf5 gxf5 39. d7 1-0

[Event "Early-Titled-Tuesday-Blitz-October-03-2023"]
[Site "Chess.com"]
[Date "2023.10.03"]
[Round "2"]
[White "hypert"]
[Black "zozik"]
[Result "1-0"]
[WhiteElo "2524"]
[BlackElo "2311"]
[TimeControl "180+1"]
[EndTime "8:15:28 PDT"]
[Termination "hypert won by resignation"]

1. d3 d5 2. c3 Nf6 3. Qc2 g6 4. e4 Bg7 5. h3 O-O 6. Nf3 c5 7. Be2 c4 8. e5 cxd3 9. Bxd3 Nfd7 10.
Bf4 Nc6 11. Qe2 Qc7 12. O-O Ncxe5 13. Nxe5 Bxe5 14. Bh6 Re8 15. f4 Bg7 16. Bxg7 Kxg7 17. f5 Nf6 18. fxg6 hxg6 19. Na3 e5 20. Kh1 e4 21.
Qf2 Nh5 22. Nb5 Ng3+ 23. Kg1 Qb6 24. Qxb6 axb6 25. Nc7 Nxf1 26. Nxe8+ Kf8 27. Nc7 exd3 28.
Nxa8 Ne3 29. Kf2 Nc4 30. b3 Nb2 31. Ke3 Bf5 32. Kd2 1-0

[Event "Early-Titled-Tuesday-Blitz-October-03-2023"]
[Site "Chess.com"]
[Date "2023.10.03"]
[Round "2"]
[White "Leonid_Starozhilov"]
[Black "whiteglovethief"]
[Result "1-0"]
[WhiteElo "2761"]
[BlackElo "2531"]
[TimeControl "180+1"]
[EndTime "8:15:31 PDT"]
[Termination "Leonid_Starozhilov won by resignation"]

1. e4 e6 2. d3 c5 3. Nd2 Nc6 4. Ngf3 d5 5. c3 Nf6 6. e5 Nd7 7. d4 cxd4 8. cxd4 Qb6 9. Nb1 f6 10. exf6 Nxf6 11. Nc3 Bb4 12. Bd3 O-O 13. O-O Bd7 14.
a3 Bd6 15. Bg5 Rae8 16. b4 h6 17. Be3 Qd8 18. h3 Bc8 19. Rc1 e5 20. Bg6 exd4 21.
Nxd4 Re7 22. Nxc6 bxc6 23. b5 Bb8 24. Bc5 cxb5 25. Bxe7 Qxe7 26. Nxd5 Qe5 27. Nxf6+ Qxf6 28. Bb1 a6 29. Qd3 Ba7 30. Qh7+ Kf7 31. Rc7+ 1-0

[Event "Early-Titled-Tuesday-Blitz-October-03-2023"]
[Site "Chess.com"]
[Date "2023.10.03"]
[Round "2"]
[White "Mazarini41"]
[Black "HrvojeZagreb"]
[Result "1/2-1/2"]
[WhiteElo "2497"]
[BlackElo "2311"]
[TimeControl "180+1"]
[EndTime "8:15:32 PDT"]
[Termination "Game drawn by repetition"]

1. d4 e6 2. c4 d5 3. Nc3 f5 4. Nf3 c6 5. g3 Nf6 6. Bg2 Bd6 7. Bf4 O-O 8. Bxd6 Qxd6 9. O-O Ne4 10. Qc2 b6 11. Rfd1 Bb7 12. Rac1 Nd7 13. e3 Rac8 14. Ne2 a6 15. Nf4 c5 16. dxc5 Rxc5 17. Qb1 Rfc8 18. cxd5 Bxd5 19. Rxc5 Rxc5 20. Nd4 g5 21. Nxd5 Rxd5 22. Bxe4 fxe4 23. Rc1 Nc5 24. b4 Nd3 25. Rc8+ Kf7 26. b5 Rxd4 27. exd4 Qxd4 28. Qf1 axb5 29. Qe2 Kg6 30. Rg8+ Kf7 31. Rxg5 Qa1+ 32. Qf1 Qxa2 33. f3 e3 34. Qxd3 Qf2+ 35. Kh1 Qxf3+ 36. Kg1 Qf2+ 37. Kh1 Qf3+ 38. Kg1 Qf2+ 39. Kh1 Qf3+ 1/2-1/2

[Event "Early-Titled-Tuesday-Blitz-October-03-2023"]
[Site "Chess.com"]
[Date "2023.10.03"]
[Round "2"]
[White "Doudou2015"]
[Black "Flaccidmoves"]
[Result "0-1"]
[WhiteElo "2186"]
[BlackElo "2456"]
[TimeControl "180+1"]
[EndTime "8:15:35 PDT"]
[Termination "Flaccidmoves won by resignation"]

1. b3 g6 2. Bb2 Nf6 3. Bxf6 exf6 4. c4 Bg7 5. Nc3 O-O 6. e3 f5 7. Nge2 d6 8. g3 Nd7 9. Bg2 Nf6 10. d4 c6 11. O-O Re8 12. Rc1 Ne4 13. Qc2 Qe7 14. Nf4 Bd7 15. h4 h6 16. b4 g5 17.
hxg5 hxg5 18. Nd3 Bf6 19. b5 Kg7 20. Rb1 Nxg3 21. fxg3 Qxe3+ 22. Nf2 Bxd4 23. Ne2 Qxe2 0-1

[Event "Early-Titled-Tuesday-Blitz-October-03-2023"]
[Site "Chess.com"]
[Date "2023.10.03"]
[Round "2"]
[White "AnaKuchava"]
[Black "ezkybel"]
[Result "0-1"]
[WhiteElo "2253"]
[BlackElo "2507"]
[TimeControl "180+1"]
[EndTime "8:15:38 PDT"]
[Termination "ezkybel won by checkmate"]

1. d4 e6 2. Nf3 Nf6 3. c4 Bb4+ 4. Bd2 a5 5. e3 Qe7 6. Bd3 d6 7. O-O Bxd2 8. Nbxd2 Nc6 9. a3 O-O 10. Qc2 e5 11. d5 Nb8 12. Bf5 Na6 13. Bxc8 Raxc8 14. Qc3 c6 15. dxc6 Rxc6 16. Qxa5 Nc5 17. Qc3 h6 18. b4 Nce4 19. Nxe4 Nxe4 20. Qd3 Nf6 21. Rfd1 e4 22. Qd4 exf3 23. gxf3 Rfc8 24. Rac1 Qe6 25. c5 dxc5 26. bxc5 Qh3 27. Qf4 Nh5 28. Qe4 Rg6+ 29. Kh1 Qg2# 0-1

[Event "Early-Titled-Tuesday-Blitz-October-03-2023"]
[Site "Chess.com"]
[Date "2023.10.03"]
[Round "2"]
[White "RobertoJBM"]
[Black "RichardLeyvaP"]
[Result "1/2-1/2"]
[WhiteElo "2816"]
[BlackElo "2581"]
[TimeControl "180+1"]
[EndTime "8:15:40 PDT"]
[Termination "Game drawn by repetition"]

1. d4 Nf6 2. Nf3 e6 3. e3 c5 4. Bd3 b6 5. O-O Bb7 6. Qe2 Be7 7.
Nbd2 O-O 8. c3 cxd4 9. exd4 d6 10. a4 a6 11. Nc4 Nbd7 12. Bf4 Qc7 13. h3 Rfe8 14. Bh2 Bf8 15. Rfe1 h6 16. Nfd2 e5 17.
dxe5 dxe5 18. Ne3 Nc5 19. Bc4 Qc6 20. b3 Rad8 21. Red1 e4 22. Ndf1 Nd3 23. Bxd3 exd3 24. Rxd3 Rxd3 25. Qxd3 Rc8 26. c4 Qe6 27. Rd1 Bc5 28.
Nd5 Nxd5 29. cxd5 Qf6 30. Ne3 Rd8 31. Bg3 a5 32. d6 g6 33. Nc4 h5 34. h4 Rd7 35. Qd2 Ba6 36. Qf4 Qxf4 37. Bxf4 f6 38. Be3 Bxc4 39. bxc4 Bxe3 40. fxe3 Kf7 41. Rd5 Ke6 42.
Rb5 Rxd6 43. c5 bxc5 44. Rxc5 Rd5 45. Rc4 Rd2 46. Rc5 Rd5 47. Rc4 Rd2 48. Rc5 Rd5 1/2-1/2

[Event "Early-Titled-Tuesday-Blitz-October-03-2023"]
[Site "Chess.com"]
[Date "2023.10.03"]
[Round "2"]
[White "venturov"]
[Black "cristiano78"]
[Result "1-0"]
[WhiteElo "2488"]
[BlackElo "2249"]
[TimeControl "180+1"]
[EndTime "8:15:40 PDT"]
[Termination "venturov won by resignation"]

1. e4 c5 2. Nf3 d6 3. Bb5+ Bd7 4.
c4 Bxb5 5. cxb5 Nd7 6. O-O g6 7. Nc3 Bg7 8. d4 cxd4 9. Nxd4 Ngf6 10. Be3 O-O 11. f3 Ne5 12. Qe2 Rc8 13. Rfc1 Nc4 14. Bf2 Nd7 15. b3 Ncb6 16. Qd2 Nc5 17. Rab1 Qd7 18. a4 Ne6 19. a5 Na8 20. Nd5 Rxc1+ 21.
Rxc1 Nxd4 22. Bxd4 b6 23. Bxg7 Kxg7 24. Qd4+ e5 25.
Qb4 bxa5 26. Qxa5 Rb8 27. Rc6 Nb6 28. Nxb6 axb6 29. Qb4 Qe7 30. Qxd6 Qxd6 31. Rxd6 Rc8 32. Rxb6 Rc1+ 33. Kf2 Rb1 34. h4 Rxb3 35. Rb8 h5 36. b6 Kf6 37. b7 Ke7 38. Ke2 Kd7 39. Rf8 Rxb7 40. Rxf7+ Kc6 41. Rxb7 Kc5 42. Rg7 1-0

[Event "Early-Titled-Tuesday-Blitz-October-03-2023"]
[Site "Chess.com"]
[Date "2023.10.03"]
[Round "2"]
[White "hurricane7791"]
[Black "KatakuriDono"]
[Result "1-0"]
[WhiteElo "2693"]
[BlackElo "2334"]
[TimeControl "180+1"]
[EndTime "8:15:41 PDT"]
[Termination "hurricane7791 won by resignation"]

1. d4 d5 2. c4 dxc4 3. e3 e5 4. Bxc4 exd4 5. exd4 Bd6 6. Nf3 Nf6 7. Qe2+ Qe7 8. Qxe7+ Bxe7 9. O-O O-O 10. Re1 Bd6 11. Nc3 a6 12. Bg5 Nbd7 13. Ne5 b5 14. Bb3 Bb7 15. a3 h6 16. Bh4 c5 17. Nxd7 Nxd7 18. Be7 Bxe7 19. Rxe7 Rad8 20. dxc5 Nxc5 21. Ba2 Ba8 22.
h4 Rd2 23. Rae1 Rxb2 24. Rxf7 Rxa2 25. Rxf8+ Kxf8 26. Nxa2 Kf7 27. Nc3 Bc6 28. f3 a5 29.
Ne2 Ne6 30. Rc1 Bd7 31. Kf2 Ke7 32. Ke3 g5 33. hxg5 hxg5 34. Nd4 Nxd4 35. Kxd4 Kd6 36. Rh1 Be6 37. Rh5 b4 38. axb4 axb4 39. Rxg5 b3 40. Rb5 Kc6 41. Rb4 1-0

[Event "Early-Titled-Tuesday-Blitz-October-03-2023"]
[Site "Chess.com"]
[Date "2023.10.03"]
[Round "2"]
[White "i_like_explosions"]
[Black "zimmm36"]
[Result "0-1"]
[WhiteElo "2393"]
[BlackElo "2770"]
[TimeControl "180+1"]
[EndTime "8:15:41 PDT"]
[Termination "zimmm36 won by checkmate"]

1. d4 Nf6 2. Bg5 Ne4 3. Bf4 d5 4. Nd2 c5 5. e3 Nc6 6. c3 h5 7.
Nxe4 dxe4 8. dxc5 e5 9. Bxe5 Qxd1+ 10. Rxd1 Nxe5 11. b4 a5 12. a3 axb4 13. axb4 Nd3+ 14. Bxd3 exd3 15. Rxd3 Bf5 16. Rd1 Ra3 17. Rc1 Ra2 18.
Ne2 Bd3 19. Nf4 Bc4 20. Rd1 Be7 21. Rd4 Ra1+ 22. Rd1 Rxd1+ 23. Kxd1 g5 24. Ne2 Bf6 25. Nd4 Bxd4 26. cxd4 f5 27. Kc2 g4 28. Kc3 Bd5 29.
Rg1 Kd7 30. b5 Ra8 31. f3 Ra2 32. h3 Ra3+ 33. Kd2 g3 34. h4 Rb3 35. b6 Kc6 36.
Ke2 Bc4+ 37. Kd2 Rd3+ 38. Kc2 Rxe3 39. Ra1 Kd5 40. Ra8 Kxd4 41. c6 Re2+ 42. Kc1 Kc3 43.
Kd1 Re6 44. c7 Bb3+ 45. Kc1 Re1# 0-1

[Event "Early-Titled-Tuesday-Blitz-October-03-2023"]
[Site "Chess.com"]
[Date "2023.10.03"]
[Round "2"]
[White "carloseduar100"]
[Black "AbdulovOrkhan"]
[Result "0-1"]
[WhiteElo "2312"]
[BlackElo "2519"]
[TimeControl "180+1"]
[EndTime "8:15:43 PDT"]
[Termination "AbdulovOrkhan won by checkmate"]

1. e4 e5 2. Nf3 Nc6 3. Nc3 Nf6 4. Nxe5 Nxe5 5. d4 Nc6 6. d5 Ne7 7. e5 Nfxd5 8. Nxd5 Nxd5 9. Qxd5 d6 10. exd6 Bxd6 11.
c3 O-O 12. Be3 Re8 13. O-O-O Be6 14. Qxb7 Bxa2 15. Qa6 Bb3 16. Rd4 Qf6 17. Bc4 Bxc4 18. Qxc4 a5 19. Qa4 Qg6 20. Rg4 Qf5 21. Rd1 Rab8 22.
Rg5 Qf6 23. Qg4 g6 24. Bd4 Bf4+ 25. Be3 Rxe3 26. fxe3 Bxe3+ 27. Kb1 Qxg5 28. Qa4 Qxg2 29. Qxa5 Qxb2# 0-1

[Event "Early-Titled-Tuesday-Blitz-October-03-2023"]
[Site "Chess.com"]
[Date "2023.10.03"]
[Round "2"]
[White "VSERGUEI"]
[Black "Dacean99"]
[Result "0-1"]
[WhiteElo "2701"]
[BlackElo "2535"]
[TimeControl "180+1"]
[EndTime "8:15:46 PDT"]
[Termination "Dacean99 won by checkmate"]

1. d4 Nf6 2. c4 c5 3. d5 e6 4.
Nc3 exd5 5. cxd5 d6 6. Nf3 Be7 7. h3 O-O 8. e4 Na6 9. Bf4 Nc7 10.
a4 a6 11. Bc4 Rb8 12. Qd3 b5 13. axb5 axb5 14. Nxb5 Nxb5 15. Bxb5 Nxe4 16. Qxe4 Rxb5 17. O-O Rxb2 18. Ra7 Bf6 19. Re1 Rb4 20. Qe3 Bb7 21. Bg5 Bxd5 22. Bxf6 Qxf6 23. Ng5 h6 24. Nh7 Qg6 25.
Qg3 Qxg3 26. fxg3 Kxh7 27. Rd7 Rb2 28. Rxd6 Rxg2+ 29. Kf1 Rd2 30. Kg1 Rb8 31. Re5 Rb1+ 32. Re1 Rxe1# 0-1

[Event "Early-Titled-Tuesday-Blitz-October-03-2023"]
[Site "Chess.com"]
[Date "2023.10.03"]
[Round "2"]
[White "FREDERICKtheMATE"]
[Black "BJthechessgod"]
[Result "1-0"]
[WhiteElo "2604"]
[BlackElo "2353"]
[TimeControl "180+1"]
[EndTime "8:15:46 PDT"]
[Termination "FREDERICKtheMATE won by checkmate"]

1. e4 c5 2. Nf3 e6 3. c3 Nf6 4. e5 Nd5 5. Bc4 d6 6. d4 cxd4 7. cxd4 Be7 8. O-O O-O 9. Re1 b6 10. Bxd5 exd5 11. Nc3 Bb7 12. Bf4 Na6 13. Nb5 dxe5 14.
Nxe5 Re8 15. Rc1 Bg5 16. Qh5 Rxe5 17. Bxe5 Bxc1 18. Rxc1 Rc8 19. Rxc8 Qxc8 20. h3 Nb4 21. Nd6 Qc1+ 22. Kh2 g6 23. Qh4 Nc6 24. Nxb7 Nxe5 25. dxe5 Qxb2 26. Qf6 Qxa2 27. Nd8 d4 28. e6 fxe6 29.
Qf7+ Kh8 30. Qf8# 1-0